 Dungeon Crawl Stone Soup version 0.30-a0-7-g94fe547ab8 (webtiles) character file.

Game seed: 4402605491494558437

74 Nedwor the Cutter (level 4, -1/34 HPs)
             Began as a Demonspawn Gladiator on Aug 23, 2022.
             Slain by a gnoll
             ... wielding a +0 whip
              (2 damage)
             ... on level 2 of the Dungeon.
             The game lasted 00:02:02 (1815 turns).

Nedwor the Cutter (Demonspawn Gladiator)            Turns: 1815, Time: 00:02:02

Health: -1/34      AC: 11    Str: 16    XL:     4   Next: 10%
Magic:  4/4        EV:  7    Int:  9    God:
Gold:   84         SH:  0    Dex: 15    Spells: 3/3 levels left

rFire   . . .      SeeInvis .    a - +0 rapier
rCold   . . .      Faith    .    (no shield)
rNeg    . . .      Spirit   .    i - +0 plate armour
rPois   .          Reflect  .    c - +0 helmet
rElec   .          Harm     .    (no cloak)
rCorr   .          Rampage  .    (no gloves)
Will    .....                    (no boots)
Stlth   ..........               (no amulet)
HPRegen 0.11/turn                (no ring)
MPRegen 0.09/turn                (no ring)

@: no status effects
A: repulsion field 1, weakness stinger 1
a: no special abilities


You were on level 2 of the Dungeon.
You visited 1 branch of the dungeon, and saw 2 of its levels.

You collected 84 gold pieces.

Inventory:

Hand Weapons
 a - a +0 rapier (weapon)
Armour
 b - a +0 leather armour
 c - a +0 helmet (worn)
 i - a +0 plate armour (worn)
Scrolls
 e - 4 scrolls of vulnerability {unknown}
 f - 2 scrolls of identify
 g - a scroll of fear {unknown}
 h - 2 scrolls of butterflies {unknown}
Potions
 d - a potion of cancellation {unknown}


   Skills:
 + Level 2.6 Fighting
 * Level 3.5 Short Blades
 - Level 1.7 Throwing
 + Level 1.2 Armour
 + Level 3.1 Dodging


You had 3 spell levels left.
You didn't know any spells.
Your spell library contained the following spells:

 Spells                   Type           Power      Damage    Failure   Level
 Ensorcelled Hibernation  Hex/Ice        0%         N/A       100%        2
 Passwall                 Tmut/Erth      0%         N/A       100%        2
 Swiftness                Air            0%         N/A       100%        3


Dungeon Overview and Level Annotations

Branches:
Dungeon (2/15)

Altars:


Innate Abilities, Weirdness & Mutations

You are surrounded by a mild repulsion field. (EV +2)
You have a small tail.


Message History

You hit the gnoll.
The gnoll is heavily wounded.
The gnoll hits you with a +0 whip.
You hit the gnoll.
The gnoll is severely wounded.
The gnoll hits you but does no damage.
You hit the gnoll but do no damage.
The gnoll is severely wounded.
The gnoll hits you but does no damage.
You hit the gnoll but do no damage. You tail-slap the gnoll.
You kill the gnoll!
You hit the gnoll.
The gnoll is severely wounded.
The gnoll hits you with a +0 flail!
You hit the gnoll.
The gnoll is almost dead.
The gnoll hits you with a +0 flail.
* * * LOW HITPOINT WARNING * * *
You hit the gnoll.
You kill the gnoll!
You have reached level 4!
You feel agile.
You hit the gnoll but do no damage. You tail-slap the gnoll.
The gnoll is moderately wounded.
The gnoll hits you but does no damage.
You hit the gnoll.
The gnoll is heavily wounded.
The gnoll hits you with a +0 whip.
* * * LOW HITPOINT WARNING * * *
You hit the gnoll.
The gnoll is heavily wounded.
The gnoll hits you with a +0 whip.
* * * LOW HITPOINT WARNING * * *
You hit the gnoll.
The gnoll is severely wounded.
The gnoll barely misses you.
You hit the gnoll.
The gnoll is severely wounded.
The gnoll hits you with a +0 whip.
You die...

... ... #.. #.# #.# ###########
#.# #.....††..# #.# #.#######.#
#g# #.# #<# #@# #.# #####.###
#.######### #[# #.......#
#.........### #.#
#.###.#.####..##.......# #.#
#.# #....##...##.###.#.#
#.###.###..........#.# #.#.#
#....................# #.#.#
#####.###.....##..######.#.####
#.# ##...###.........#....#


You could see a gnoll.

Vanquished Creatures
  3 gnolls
  An adder (D:2)
  A worm (D:2)
  2 endoplasms (D:2)
  A giant cockroach (D:2)
  5 goblins (D:1)
  4 hobgoblins
  3 jackals (D:2)
  A quokka (D:2)
  2 ball pythons (D:1)
  4 bats
  5 rats
32 creatures vanquished.

Vanquished Creatures (others)
  A fungus (D:1)
  A plant (D:1)
2 creatures vanquished.

Grand Total: 34 creatures vanquished

Notes
Turn   | Place    | Note
-------+----------+-------------------------------------------
     0 | D:1      | Nedwor the Demonspawn Gladiator began the quest for the
                  | Orb.
     0 | D:1      | Reached XP level 1. HP: 16/16 MP: 1/1
   655 | D:1      | Gained mutation: You have a small tail. [demonic ancestry]
   655 | D:1      | Reached XP level 2. HP: 22/22 MP: 2/2
  1001 | D:1      | Found a faded altar of an unknown god.
  1103 | D:1      | Gained mutation: You are surrounded by a mild repulsion
                  | field. (EV +2) [demonic ancestry]
  1103 | D:1      | Reached XP level 3. HP: 28/28 MP: 3/3
  1219 | D:2      | Reached skill level 1 in Armour
  1811 | D:2      | Reached XP level 4. HP: 6/34 MP: 4/4
  1813 | D:2      | HP: 1/34 [gnoll/+0 whip (4)]
  1815 | D:2      | Slain by a gnoll

Illustrated notes

Levels and vault maps discovered:
D:1:      amcnicky_arrival_abandoned_market, layout_basic,
          shapermc_ecumenical_altar_mp_urbaneastern, minmay_pentomino_x2
D:2:      layout_loops_corners, minmay_ruptured

Skill      XL: |  1  2  3 |
---------------+----------+-----
Short Blades   | 3 |  3.5
Armour         | 1 |  1.2
Dodging        | 3 |  3.1
Fighting       | |  2.6
Throwing       | |  1.7

Action                   |  1- 3 |  4- 6 || total
-------------------------+-------+-------++-------
Melee: Rapier            |   114 |     5 ||   119
       Tailslap          |    11 |     1 ||    12
       Punch             |     2 |       ||     2
  Use: Scroll            |     2 |       ||     2
Armor: Plate armour      |    60 |     1 ||    61
       Leather armour    |     6 |       ||     6
Dodge: Dodged            |    42 |     1 ||    43

Table legend: (Time is in decaauts)
 A = Elapsed time spent in this place.
 B = Non-inter-level travel time spent in this place.
 C = Inter-level travel time spent in this place.
 D = Time resting spent in this place.
 E = Time spent auto-exploring this place.
 F = Levels seen in this place.
 G = Mean time per level.
                   A        B        C        D        E       F      G
               +--------+--------+--------+--------+--------+-----+--------+
         Total |   1818 |   1791 |     27 |    300 |   1228 |   2 |  909.0 |
       Dungeon |   1818 |   1791 |     27 |    300 |   1228 |   2 |  909.0 |
               +--------+--------+--------+--------+--------+-----+--------+

Top non-repeatable levels by time:
     D:1: 1194 daAuts
     D:2: 624 daAuts
